cohdb
Replays
Latest Replays
All Replays
Popular Replays
Top Player Replays
Match Explorer
How It Works
Community
CoH3 Stats
Reddit
Sign in to upload your games and track your stats! →
Sign in with Steam
Match 42963333
Unlisted
Match 42963333
Overview
Messages
Build Orders
End
Construct Barracks
Selects Armored Battlegroup
Selects Veteran Crews
Riflemen Squad
M1 Mortar Team
Riflemen Squad
Air Support Center
Selects Fast Deploy
Construct Weapon Support Center
M3 Armored Personnel Carrier
Engineer Squad
Selects M31 Recovery Vehicle
Grenade Package
Riflemen Squad
Grasshopper Recon Run
Construct Tank Depot
Selects Seek and Destroy
Grasshopper Recon Run
P-47 Strafing Run
Selects UNKNOWN (2160077)
M4A3E8 Sherman Easy Eight
M4A3E8 Sherman Easy Eight
A_Smoove
Atlantians
Silin
styx
L A I T H WALEED
ahmedamer404
0
0
Comments
sign in to comment!
No comments posted yet!